 Dungeon Crawl Stone Soup version 0.30-a0-305-g026cb31310 (webtiles) character file.

Game seed: 6053054402388743194

58 nono the Covered (level 3, -1/33 HPs)
             Began as an Armataur Fighter on Oct 21, 2022.
             Slain by a goblin
             ... wielding a +0 dagger
              (3 damage)
             ... on level 2 of the Dungeon.
             The game lasted 00:01:40 (898 turns).

nono the Covered (Armataur Fighter)                  Turns: 898, Time: 00:01:41

Health: -1/33      AC:  7    Str: 23    XL:     3   Next: 76%
Magic:  3/3        EV:  7    Int:  8    God:
Gold:   107        SH:  4    Dex:  9    Spells: 2/2 levels left

rFire   . . .      SeeInvis .    a - +0 flail
rCold   . . .      Faith    .    c - +0 buckler
rNeg    . . .      Spirit   .    b - +0 scale mail
rPois   .          Reflect  .    (no helmet)
rElec   .          Harm     .    (no cloak)
rCorr   .          Roll     +    (no gloves)
Will    .....                    (no barding)
Stlth   ..........               (no amulet)
HPRegen 0.25/turn                (no ring)
MPRegen 0.08/turn                (no ring)

@: brilliant
A: large, rugged brown scales 3, deformed body, armoured tail, roll, long
tongue, awkward tongue
a: no special abilities


You were on level 2 of the Dungeon.
You visited 1 branch of the dungeon, and saw 2 of its levels.

You collected 107 gold pieces.

Inventory:

Hand Weapons
 a - a +0 flail (weapon)
Armour
 b - a +0 scale mail (worn)
 c - a +0 buckler (worn)
Scrolls
 e - 2 scrolls of identify {unknown}
 f - a scroll of poison {unknown}
 l - a scroll of amnesia {unknown}
Potions
 d - a potion of might
 h - a potion of attraction {unknown}
 i - a potion of heal wounds {unknown}
 j - a potion of mutation {unknown}
 k - a potion of invisibility {unknown}


   Skills:
 + Level 3.1 Fighting
 + Level 2.4 Maces & Flails
 + Level 4.2 Armour
 + Level 3.8 Shields


You had 2 spell levels left.
You didn't know any spells.
Your spell library contained the following spells:

 Spells                   Type           Power      Damage    Failure   Level
 Scorch                   Fire           0%         2d5       89%         2
 Flame Wave               Conj/Fire      0%         2d4       100%        4
 Summon Cactus Giant      Summ           0%         N/A       100%        6


Dungeon Overview and Level Annotations

Branches:
Dungeon (2/15)

Altars:


Innate Abilities, Weirdness & Mutations

You are completely covered in rugged brown scales. (AC +3, +7% HP)
Armour fits poorly on your strangely shaped body.
You have a long armoured tail.
You roll when moving toward enemies. (Rampage)
Your long tongue fully drains potion bottles. (2x potion effects)
Your tongue gives you trouble enunciating. (1.5x scroll delay)


Message History

The adder bites you but does no damage. The goblin hits you with a +0 dagger.
You barely miss the adder.
The adder is almost dead.
The adder bites you but does no damage. The goblin hits you but does no damage.
You miss the adder.
The adder is almost dead.
The adder bites you but does no damage. The goblin hits you but does no damage.
The adder bites you.
* * * LOW HITPOINT WARNING * * *
You miss the adder.
The adder is almost dead.
The adder bites you but does no damage. The goblin hits you with a +0 dagger.
* * * LOW HITPOINT WARNING * * *
The adder bites you but does no damage.
You barely miss the adder.
The adder is almost dead.
The goblin hits you with a +0 dagger.
* * * LOW HITPOINT WARNING * * *
The adder barely misses you. The goblin hits you but does no damage.
You miss the adder.
The adder is almost dead.
The adder completely misses you. The adder bites you but does no damage.
You block the goblin's attack.
You miss the adder.
The adder is almost dead.
The adder bites you but does no damage. The goblin hits you but does no damage.
The adder bites you but does no damage.
You miss the adder.
The adder is almost dead.
You block the goblin's attack. The adder bites you.
* * * LOW HITPOINT WARNING * * *
The goblin hits you with a +0 dagger.
* * * LOW HITPOINT WARNING * * *
The adder barely misses you.
You barely miss the adder.
The adder is almost dead.
The adder bites you.
* * * LOW HITPOINT WARNING * * *
The goblin hits you with a +0 dagger.
You die...

###.........##......##
#...........# .......
#.........#... #..
#.......##.#.# #.##
###..#.## ♣.###.8.#
♣♣♣###...### ###.#.#
♣........#.#.# #.#.#
♣.♣###..#.8.###.⌠.#
##...#.###@#.# #[
#....####g#S# #.#
#.....##rg.###.⌠.
#......##.###.#.#
#........#.....#
#................
#...>.##.....#<...
#.....##..........
#..#.............$


You could see an adder, 2 goblins and a rat.

Vanquished Creatures
  An adder (D:2)
  A worm (D:2)
  A dart slug (D:2)
  5 endoplasms
  4 giant cockroaches
  4 hobgoblins (D:1)
  5 jackals
  4 kobolds
  4 quokkas (D:1)
  4 ball pythons
  2 bats (D:1)
  2 frilled lizards (D:1)
  3 rats
40 creatures vanquished.

Notes
Turn   | Place    | Note
-------+----------+-------------------------------------------
     0 | D:1      | nono the Armataur Fighter began the quest for the Orb.
     0 | D:1      | Reached XP level 1. HP: 19/19 MP: 1/1
    49 | D:1      | Reached XP level 2. HP: 17/26 MP: 2/2
   441 | D:1      | Reached skill level 4 in Armour
   478 | D:1      | Reached XP level 3. HP: 28/33 MP: 3/3
   898 | D:2      | Slain by a goblin

Illustrated notes

Levels and vault maps discovered:
D:1:      amcnicky_arrival_feature_with_door, layout_basic
D:2:      kb_forest_paths, layout_basic, grunt_decor_mini_mirrors,
          minmay_surrounded, uniq_robin

Skill      XL: |  1  2 |
---------------+-------+-----
Maces & Flails | 2 |  2.4
Armour         | 4 |  4.2
Fighting       | 3 |  3.1
Shields        | |  3.8

Action                   || total
-------------------------++-------
Melee: Flail             ||   110
       Tailslap          ||     4
  Use: Potion            ||     1
Armor: Scale mail        ||    98
Dodge: Dodged            ||    52
Block: Buckler           ||    30

Table legend: (Time is in decaauts)
 A = Elapsed time spent in this place.
 B = Non-inter-level travel time spent in this place.
 C = Inter-level travel time spent in this place.
 D = Time resting spent in this place.
 E = Time spent auto-exploring this place.
 F = Levels seen in this place.
 G = Mean time per level.
                   A        B        C        D        E       F      G
               +--------+--------+--------+--------+--------+-----+--------+
         Total |    932 |    932 |      0 |      0 |    670 |   2 |  466.0 |
       Dungeon |    932 |    932 |      0 |      0 |    670 |   2 |  466.0 |
               +--------+--------+--------+--------+--------+-----+--------+

Top non-repeatable levels by time:
     D:1: 799 daAuts
     D:2: 132 daAuts
